 Dungeon Crawl Stone Soup version 0.22-a0-322-g60b3cfd (webtiles) character file.

445 Gorglomux the Chopper (level 7, -11/42 HPs)
             Began as a Gargoyle Fighter on Apr 2, 2018.
             Killed by divine providence
             ... invoked by an orc priest
              (12 damage)
             ... on level 4 of the Dungeon.
             The game lasted 00:02:12 (2565 turns).

Gorglomux the Chopper (Gargoyle Fighter)            Turns: 2565, Time: 00:02:13

Health: -11/42     AC: 12    Str: 22    XL:     7   Next: 3%
Magic:  7/7        EV:  7    Int:  8    God:
Gold:   197        SH:  9    Dex:  9    Spells: 6/6 levels left

rFire    . . .     SeeInvis .   B - +0 hand axe (flame) (curse)
rCold    . . .     Gourm    .   c - +0 shield
rNeg     + + .     Faith    .   b - +0 scale mail
rPois    ∞         Spirit   .   (no helmet)
rElec    +         Reflect  .   (no cloak)
rCorr    .         Harm     .   (no gloves)
MR       .....                  w - +0 pair of boots
Stlth    ..........             (no amulet)
HPRegen  0.14/turn              i - ring of positive energy
MPRegen  0.10/turn              (no ring)

@: no status effects
A: negative energy resistance 1, electricity resistance, unbreathing,
petrification resistance, rot immunity, AC +4
a: no special abilities


You were on level 4 of the Dungeon.
You were not hungry.

You visited 1 branch of the dungeon, and saw 4 of its levels.

You collected 197 gold pieces.

Inventory:

Hand Weapons
 a - a +0 war axe
 B - a cursed +0 hand axe of flaming (weapon)
Armour
 b - a +0 scale mail (worn)
 c - a +0 shield (worn)
 w - a +0 pair of boots (worn)
Jewellery
 i - a ring of positive energy (left hand)
 v - an uncursed ring of wizardry {unknown}
 y - an uncursed ring of protection from cold {unknown}
Scrolls
 h - 2 scrolls of teleportation {unknown}
 j - 7 scrolls of identify {unknown}
 k - a scroll of remove curse {unknown}
 q - a scroll of noise {unknown}
 r - a scroll of blinking {unknown}
Potions
 d - a potion of might
 l - 2 potions of degeneration {unknown}
 m - 3 potions of mutation {unknown}
 n - 2 potions of brilliance {unknown}
 o - 2 potions of cancellation {unknown}
 p - a potion of flight {unknown}
 s - 2 potions of resistance {unknown}
 t - 2 potions of lignification {unknown}
 u - 2 potions of haste {unknown}
 z - 2 potions of curing {unknown}
 A - 2 potions of berserk rage {unknown}
 D - 2 potions of invisibility {unknown}
 E - a potion of heal wounds {unknown}
Comestibles
 f - 6 rations


   Skills:
 + Level 3.7 Fighting
 + Level 6.1 Axes
 + Level 3.7 Armour
 + Level 3.7 Shields


You had 6 spell levels left.
You didn't know any spells.

Dungeon Overview and Level Annotations

Branches:
Dungeon (4/15)
 Temple: D:4-7

Altars:
Qazlal


Innate Abilities, Weirdness & Mutations

You are resistant to torment.
Your stone body is resilient. (AC +4)
You are immune to poison.
You resist negative energy. (rN+)
You are resistant to electric shocks. (rElec)
You can survive without breathing.
You are immune to petrification.
You are immune to rotting.


Message History

The jackal barks!!!
You carve the orc priest like a ham! You burn the orc priest!
The orc priest butts heavily wounded!
You slice the orc like a ripe choko! You burn the orc!
You completely miss the orc wizard!
You hear a shout!!!
The jackal moves out of view!
You block the orc wizard's attack! You block the orc's attack!
The orc priest calls down the wrath of Beogh upon you!
Beogh smites you!!! * * * don't die
* * * The orc hits you but does no damage!
Butt barely miss the orc priest!
The orc priest butts heavily wounded!
You barely miss the orc wizard! You open the orc but butt no damage!
You block the orc wizard's attack!
The orc hits you with a dagger! * * * don't die
* * * The orc priest invokes the aid of Beogh against you!
Beogh smites butt!!! rip

##...[.......
#......>.....
#...........#
#.......... ...#
#........# #...
#..$..#o# #..# #Zoo##.#
#.. #o# #.# #.#
####@###.#####.## ##.
#...oo..........##...
.........##.............
.###.##........##.......
#. ########.###.###.# #
#....#....# #.###.#####
#.# #.# #.# #.#


You could see an orc priest, an orc wizard, 3 orcs and a leopard gecko skeleton.

Vanquished Creatures
  A scorpion (D:4)
  4 wights (D:3)
  An orc wizard (D:3)
  A worker ant (D:4)
  3 gnolls (D:2)
  8 adders
  A worm (D:3)
  A dart slug (D:1)
  13 orcs
  2 ball pythons
  6 hobgoblins
  5 jackals
  A quokka (D:2)
  4 bats
  4 frilled lizards
  3 goblins
  10 kobolds
  10 rats
78 creatures vanquished.

Notes
Turn   | Place    | Note
-------+----------+-------------------------------------------
     0 | D:1      | Gorglomux the Gargoyle Fighter began the quest for the Orb.
     0 | D:1      | Reached XP level 1. HP: 14/14 MP: 1/1
    42 | D:1      | Reached skill level 2 in Axes
   103 | D:1      | Reached XP level 2. HP: 11/19 MP: 2/2
   441 | D:1      | Reached skill level 3 in Axes
   444 | D:1      | Reached XP level 3. HP: 19/23 MP: 3/3
   686 | D:2      | HP: 1/23 [gnoll/flail (9)]
  1003 | D:2      | Reached XP level 4. HP: 24/28 MP: 4/4
  1008 | D:2      | Reached skill level 4 in Axes
  1699 | D:3      | Reached XP level 5. HP: 21/32 MP: 5/5
  1864 | D:3      | Reached skill level 5 in Axes
  1914 | D:3      | Reached XP level 6. HP: 31/37 MP: 6/6
  2056 | D:3      | Reached skill level 6 in Axes
  2245 | D:3      | Found a stormy altar of Qazlal.
  2541 | D:4      | Reached XP level 7. HP: 28/42 MP: 7/7
  2565 | D:4      | HP: 1/42 [orc/dagger (3)]
  2565 | D:4      | Killed from afar by an orc priest

Vault maps used:
D:1:      giann_horns
D:3:      nicolae_overflow_hidden_temple, first_ration, minmay_crystal_water
D:4:      lemuel_round_altar, uniq_robin

Skill      XL: |  1  2  3  4  5  6 |
---------------+-------------------+-----
Axes           | 2 3 4 5 6 |  6.1
Fighting       | |  3.7
Armour         | |  3.7
Shields        | |  3.7

Action                   |  1- 3 |  4- 6 |  7- 9 || total
-------------------------+-------+-------+-------++-------
Melee: War axe           |    90 |    81 |       ||   171
       Hand axe          |       |    69 |     8 ||    77
  Eat: Ration            |       |     1 |       ||     1
       Chunk             |       |     2 |       ||     2
Armor: Scale mail        |    70 |    69 |     6 ||   145
Dodge: Dodged            |    36 |    40 |     2 ||    78
Block: Shield            |    74 |    74 |     5 ||   153

Table legend:
 A = Spawn XP
 B = Non-spawn XP
 C = Spawn XP percentage of total XP
 D = Spawn monster count
 E = Non-spawn monster count
 F = Spawn count percentage of total count
 G = Total turns spent on level
                    A         B        C        D         E        F      G
               +---------+---------+-------+---------+---------+-------+---------
         Total |       0 |     637 |   0.0 |       0 |      78 |   0.0 |  2565
               +---------+---------+-------+---------+---------+-------+---------
           D:1 |       0 |      37 |   0.0 |       0 |      22 |   0.0 |   942
           D:2 |       0 |     100 |   0.0 |       0 |      20 |   0.0 |   725
           D:3 |       0 |     375 |   0.0 |       0 |      29 |   0.0 |   731
           D:4 |       0 |     125 |   0.0 |       0 |       7 |   0.0 |   167
               +---------+---------+-------+---------+---------+-------+---------
